 Dungeon Crawl Stone Soup version 0.28-a0-655-g4eb62b627b (webtiles) character file.

Game seed: 7452509300291508656

23 kae the Ruffian (level 2, -6/24 HPs)
             Began as a Draconian Transmuter on Oct 12, 2021.
             Mangled by an iguana (7 damage)
             ... on level 2 of the Dungeon.
             The game lasted 00:00:37 (1447 turns).

kae the Ruffian (Draconian Transmuter)              Turns: 1447, Time: 00:00:37

Health: -6/24      AC:  6    Str: 12    XL:     2   Next: 72%
Magic:  5/5        EV: 12    Int: 13    God:
Gold:   74         SH:  0    Dex: 11    Spells: 4/5 levels left

rFire   . . .      SeeInvis .     - Unarmed
rCold   . . .      Faith    .   (no shield)
rNeg    . . .      Spirit   .   (armour unavailable)
rPois   .          Reflect  .   (helmet currently unavailable)
rElec   .          Harm     .   (no cloak)
rCorr   .          Rampage  .   b - +1 pair of gloves
Will    .....                   (boots currently unavailable)
Stlth   +.........              (no amulet)
HPRegen 0.08/turn               (no ring)
MPRegen 0.09/turn               (no ring)

@: appendages (expiring)
A: horns 2, talons 2, AC +4, unfitting armour, cold-blooded
a: End Transformation


You were on level 2 of the Dungeon.
You had temporarily grown beastly horns and talons.
You visited 1 branch of the dungeon, and saw 2 of its levels.

You collected 74 gold pieces.

Inventory:

Armour
 b - a +1 pair of gloves (worn)
Jewellery
 c - an amulet of faith
 d - an amulet of regeneration
Scrolls
 a - a scroll of vulnerability
Potions
 e - a potion of lignification {unknown}


   Skills:
 + Level 1.7 Fighting
 - Level 1.7 Dodging
 * Level 3.5 Unarmed Combat
 - Level 2.0 Spellcasting
 + Level 2.3 Transmutations


You had 4 spell levels left.
You knew the following spells:

 Your Spells              Type           Power      Damage    Failure   Level
a - Beastly Appendage     Tmut           14%        N/A       10%         1

Your spell library contained the following spells:

 Spells                   Type           Power      Damage    Failure   Level
 Wereblood                Tmut           7%         N/A       14%         2
 Shock                    Conj/Air       4%         1d3       26%         1
 Slow                     Hex            1%         N/A       36%         2
 Spider Form              Tmut/Pois      2%         N/A       43%         3
 Confusing Touch          Hex            1%         N/A       58%         3
 Swiftness                Air            1%         N/A       58%         3
 Vampiric Draining        Necr           0%         2d6       58%         3
 Ice Form                 Ice/Tmut       4%         N/A       83%         4
 Airstrike                Air            0%         N/A       94%         4


Dungeon Overview and Level Annotations

Branches:
Dungeon (2/15)

Altars:


Innate Abilities, Weirdness & Mutations

You have temporarily grown beastly horns and talons.
Your plain brown scales are hard. (AC +4)
You cannot fit into any form of body armour.
You are cold-blooded and may be slowed by cold attacks.


Message History

You are too injured to fight recklessly!
An iguana is nearby!
You are too injured to fight recklessly!
You are too injured to fight recklessly!
An iguana is nearby!
You are too injured to fight recklessly!
You are too injured to fight recklessly!
You are too injured to fight recklessly!
You are too injured to fight recklessly!
You hit the iguana.
You headbutt the iguana, but do no damage.
The iguana is moderately wounded.
The iguana bites you but does no damage.
You barely miss the iguana. You claw the iguana, but do no damage.
The iguana is moderately wounded.
The iguana misses you.
You closely miss the iguana. Your kick misses the iguana.
The iguana is moderately wounded.
Your transformation is almost over.
The iguana completely misses you.
You closely miss the iguana. You claw the iguana, but do no damage.
The iguana is moderately wounded.
The iguana bites you but does no damage.
You completely miss the iguana.
The iguana is moderately wounded.
The iguana bites you.
You hit the iguana but do no damage.
The iguana is moderately wounded.
The iguana bites you but does no damage.
You hit the iguana but do no damage.
The iguana is lightly wounded.
The iguana bites you!
* * * LOW HITPOINT WARNING * * *
You hit the iguana but do no damage.
The iguana is lightly wounded.
The iguana bites you but does no damage.
You barely miss the iguana.
Your tail-slap misses the iguana.
The iguana is lightly wounded.
The iguana bites you!
You die...

#.# +.+ #.# ... ...
#......... #.##+#
#......... #.#..#
#.....##.##
+.l..#.#........#.
#.#+##@####.# #....#...
#...........# #....#...
#.#+##.####.#.#..†.#..<
#.#..#.#.#........ #.#
+.'..#.#.#...##...
#.####.##'#.#.#........
#...........#.#.#.#....
#.####.##'#.#.#.#.#....
#.#..#.#..#.#.#.#.#....


You could see an iguana.

Vanquished Creatures
  A dart slug (D:1)
  3 endoplasms
  2 giant cockroaches (D:2)
  2 hobgoblins
  A kobold (D:1)
  A ball python (D:1)
  A bat (D:1)
  3 frilled lizards
  4 goblins
  A rat (D:1)
19 creatures vanquished.

Notes
Turn   | Place    | Note
-------+----------+-------------------------------------------
     0 | D:1      | kae the Draconian Transmuter began the quest for the Orb.
     0 | D:1      | Reached XP level 1. HP: 16/16 MP: 3/3
   717 | D:1      | Found a faded altar of an unknown god.
   805 | D:1      | Reached XP level 2. HP: 23/23 MP: 3/5
  1445 | D:2      | HP: 1/24 [iguana (10)]
  1447 | D:2      | Mangled by an iguana

Illustrated notes

Levels and vault maps discovered:
D:1:      scummos_arrival_gate, layout_loops_ring,
          hellmonk_ecumenical_altar_lost_god, hangedman_decor_points
D:2:      minmay_door_path, layout_basic, serial_glass, glass_columns_c,
          glass_columns_a, st_stairs_1, uniq_sigmund

Action                   || total
-------------------------++-------
Melee: Unarmed           ||    57
       Kick              ||    11
       Headbutt          ||     3
       Tailslap          ||     2
 Cast: Beastly Appendage ||    13
  Use: Scroll            ||     2
 Stab: Sleeping          ||     1
Armor: Skin              ||    20
Dodge: Dodged            ||    29

Table legend: (Time is in decaauts)
 A = Elapsed time spent in this place.
 B = Non-inter-level travel time spent in this place.
 C = Inter-level travel time spent in this place.
 D = Time resting spent in this place.
 E = Time spent auto-exploring this place.
 F = Levels seen in this place.
 G = Mean time per level.
                   A        B        C        D        E       F      G
               +--------+--------+--------+--------+--------+-----+--------+
         Total |   1448 |   1393 |     55 |      3 |   1241 |   2 |  724.0 |
       Dungeon |   1448 |   1393 |     55 |      3 |   1241 |   2 |  724.0 |
               +--------+--------+--------+--------+--------+-----+--------+

Top non-repeatable levels by time:
     D:1: 1273 daAuts
     D:2: 174 daAuts
